 Dungeon Crawl Stone Soup version 0.30-a0-782-ge64f9170bb (webtiles) character file.

Game seed: 1906694084352043861

3 Barriton the Ruffian (level 1, 0/16 HPs)
             Began as a Draconian Transmuter on Mar 7, 2023.
             Slain by a goblin
             ... wielding a +0 club
             ... led by Robin
              (4 damage)
             ... on level 2 of the Dungeon.
             The game lasted 00:00:15 (133 turns).

Barriton the Ruffian (Draconian Transmuter)          Turns: 133, Time: 00:00:16

Health: 0/16       AC:  4    Str: 12    XL:     1   Next: 41%
Magic:  3/3        EV: 12    Int: 13    God:
Gold:   0          SH:  0    Dex: 11    Spells: 3/4 levels left

rFire   . . .      SeeInvis .      - Unarmed
rCold   . . .      Faith    .    (no shield)
rNeg    . . .      Spirit   .    (body armour unavailable)
rPois   .          Reflect  .    (helmet currently unavailable)
rElec   .          Harm     .    (no cloak)
rCorr   .          Rampage  .    (no gloves)
Will    .....                    (boots currently unavailable)
Stlth   +                        (no amulet)
HPRegen 0.22/turn                (no ring)
MPRegen 0.08/turn                (no ring)

@: appendages (expiring)
A: horns 2, talons 2, AC +4, unfitting armour, cold-blooded
a: End Transformation


You were on level 2 of the Dungeon.
You had temporarily grown beastly horns and talons.
You visited 1 branch of the dungeon, and saw 2 of its levels.

Inventory:

Potions
 a - a potion of lignification


   Skills:
 + Level 1.1 Fighting
 + Level 1.9 Dodging
 + Level 3.1 Unarmed Combat
 + Level 2.0 Spellcasting
 + Level 2.0 Transmutations


You had 3 spell levels left.
You knew the following spells:

 Your Spells              Type           Power      Damage    Failure   Level
a - Beastly Appendage     Tmut           12%        N/A       11%         1

Your spell library contained the following spells:

 Spells                   Type           Power      Damage    Failure   Level
 Wereblood                Tmut           6%         N/A       17%         2
 Spider Form              Tmut/Pois      3%         N/A       45%         3
 Ice Form                 Ice/Tmut       3%         N/A       86%         4


Dungeon Overview and Level Annotations

Branches:
Dungeon (1/15)

Altars:

Annotations:
D:2 Robin, Sigmund


Innate Abilities, Weirdness & Mutations

You have temporarily grown beastly horns and talons.
Your plain brown scales are hard. (AC +4)
You cannot fit into any form of body armour.
You are cold-blooded and may be slowed by cold attacks.


Message History

A hobgoblin comes into view.
Robin moves out of view.
Found a stone staircase leading down.
A hobgoblin comes into view.
Sigmund shouts!
Sigmund gestures at you while chanting. The puff of flame hits you.
Found a scroll labelled LAIGEBLUSY.
Your transformation is almost over.
Sigmund misses you.
You closely miss Sigmund.
You tail-slap Sigmund, but do no damage.
You hit Sigmund. Your kick misses Sigmund.
Sigmund is lightly wounded.
Sigmund hits you with a +0 scythe.
You closely miss Sigmund. You claw Sigmund, but do no damage.
You tail-slap Sigmund.
Sigmund is lightly wounded.
You hit Sigmund. You claw Sigmund, but do no damage. Your punch misses Sigmund.
Sigmund is moderately wounded.
Sigmund misses you.
You closely miss Sigmund. You claw Sigmund.
Sigmund is moderately wounded.
Sigmund casts a spell at you. You resist with significant effort.
You hit Sigmund. You claw Sigmund. Your punch misses Sigmund.
Sigmund is heavily wounded.
The goblin closely misses you. Sigmund hits you with a +0 scythe!
Ouch! That really hurt!
* * * LOW HITPOINT WARNING * * *
You barely miss Sigmund. Your kick misses Sigmund.
Your headbutt misses Sigmund.
Sigmund is heavily wounded.
The goblin hits you but does no damage.
You hit Sigmund. You claw Sigmund. You tail-slap Sigmund.
Sigmund is almost dead.
The goblin closely misses you. Sigmund casts a spell at you.
You resist with significant effort. The goblin hits you with a +0 club.
You die...

#.......#
#.......#
#.......#
#......# .
#[.....#### #..
#.........###....
#......##.#.>...
#......##.@.#
#####..gg@.#
#.####g......
#...# ...>...
#.### .#....? #.
###.##. g .# g. #
..


g.g You could see Sigmund and 3 goblins.

Vanquished Creatures
  A ball python (D:1)
  An endoplasm (D:1)
  A rat (D:1)
3 creatures vanquished.

Notes
Turn   | Place    | Note
-------+----------+-------------------------------------------
     0 | D:1      | Barriton the Draconian Transmuter began the quest for the
                  | Orb.
     0 | D:1      | Reached XP level 1. HP: 16/16 MP: 3/3
   115 | D:1      | You fall into a shaft and drop 1 floor!
   121 | D:2      | Noticed Robin
   121 | D:2      | Noticed Sigmund
   133 | D:2      | Slain by a goblin

Illustrated notes

Levels and vault maps discovered:
D:1:      psy_arrival_terrarium, layout_basic
D:2:      minmay_razor_zed, layout_rooms, uniq_robin, uniq_sigmund

Action                     || total
---------------------------++-------
  Melee: Unarmed           ||    15
         Kick              ||     6
         Tailslap          ||     3
   Cast: Beastly Appendage ||     3
 Armour: Skin              ||     1
  Dodge: Dodged            ||     9

Table legend: (Time is in decaauts)
 A = Elapsed time spent in this place.
 B = Non-inter-level travel time spent in this place.
 C = Inter-level travel time spent in this place.
 D = Time resting spent in this place.
 E = Time spent auto-exploring this place.
 F = Levels seen in this place.
 G = Mean time per level.
                   A        B        C        D        E       F      G
               +--------+--------+--------+--------+--------+-----+--------+
         Total |    132 |    132 |      0 |      0 |     97 |   2 |   66.0 |
       Dungeon |    132 |    132 |      0 |      0 |     97 |   2 |   66.0 |
               +--------+--------+--------+--------+--------+-----+--------+

Top non-repeatable levels by time:
     D:1: 114 daAuts
     D:2: 17 daAuts
